 Dungeon Crawl Stone Soup version 0.30.1-11-g7821555f0a (webtiles) character file.

Game seed: 11847512700783666889

219 fireball365 the Covered (level 5, -3/46 HPs)
             Began as a Hill Orc Fighter on Nov 18, 2023.
             Slain by an ufetubus (4 damage)
             ... in a sewer.
             The game lasted 00:04:02 (2661 turns).

fireball365 the Covered (Hill Orc Fighter)          Turns: 2661, Time: 00:04:03

Health: -3/46      AC:  8    Str: 21    XL:     5   Next: 96%
Magic:  5/5        EV:  9    Int:  8    God:
Gold:   181        SH:  4    Dex: 10    Spells: 4/4 levels left

rFire   . . .        a - +0 war axe
rCold   . . .        c - +0 buckler
rNeg    . . .        b - +0 scale mail
rPois   .            (no helmet)
rElec   .            g - +0 cloak
rCorr   .            (no gloves)
SInv    .            (no boots)
Will    .....        (no amulet) Stlth
                     (no ring)
HPRegen 0.27/turn    (no ring)
MPRegen 0.09/turn

%: no passive effects
@: mighty
A: no striking features
a: no special abilities


You were in a sewer.
You visited 1 branch of the dungeon, and saw 4 of its levels.
You also visited: Sewer.

You collected 181 gold pieces.

Inventory:

Hand Weapons
 a - a +0 war axe (weapon)
Armour
 b - a +0 scale mail (worn)
 c - a +0 buckler (worn)
 g - a +0 cloak (worn)
Jewellery
 t - an amulet of faith
Wands
 m - a wand of digging (9)
Scrolls
 e - 2 scrolls of teleportation
 f - a scroll of immolation {unknown}
 j - a scroll of blinking {unknown}
 k - a scroll of identify {unknown}
 o - a scroll of fog {unknown}
 p - a scroll of fear {unknown}
 u - a scroll of noise {unknown}
Potions
 h - a potion of cancellation {unknown}
 i - a potion of lignification {unknown}
 l - a potion of brilliance {unknown}
 n - a potion of magic {unknown}
 q - a potion of attraction {unknown}
 r - 2 potions of mutation {unknown}
 s - 3 potions of haste
 v - a potion of flight {unknown}
 w - 2 potions of berserk rage {unknown}


   Skills:
 + Level 4.2 Fighting
 + Level 4.2 Axes
 + Level 4.9 Armour
 + Level 1.3 Dodging
 + Level 4.4 Shields


You had 4 spell levels left.
You didn't know any spells.
Your spell library contained the following spells:

 Spells                   Type           Power      Damage    Failure   Level
 Shock                    Conj/Air       0%         1d3       80%         1
 Swiftness                Air            0%         N/A       99%         3
 Airstrike                Air            0%         2d(0-16)  100%        4


Dungeon Overview and Level Annotations

Branches:
Dungeon (4/15)              Sewer (1/1)
 Temple: D:4-7

Altars:
Xom


Message History

The ufetubus is heavily wounded.
The ufetubus hits you.
* * * LOW HITPOINT WARNING * * *
You block the ufetubus's attack.
You closely miss the ufetubus.
The ufetubus is heavily wounded.
The ufetubus hits you.
* * * LOW HITPOINT WARNING * * *
The ufetubus barely misses you.
The ufetubus hits you but does no damage.
The ufetubus hits you.
* * * LOW HITPOINT WARNING * * *
You closely miss the ufetubus.
The ufetubus is heavily wounded.
You block the ufetubus's attack. The ufetubus closely misses you.
You block the ufetubus's attack.
The ufetubus hits you but does no damage.
You miss the ufetubus.
The ufetubus is moderately wounded.
You block the ufetubus's attack. The ufetubus hits you.
* * * LOW HITPOINT WARNING * * *
You block the ufetubus's attack. The ufetubus completely misses you.
You hit the ufetubus.
The ufetubus is severely wounded.
You block the ufetubus's attack.
The ufetubus hits you but does no damage.
You block the ufetubus's attack. The ufetubus closely misses you.
The ufetubus hits you.
* * * LOW HITPOINT WARNING * * *
The ufetubus closely misses you.
You hit the ufetubus.
The ufetubus is almost dead.
The ufetubus hits you.
* * * LOW HITPOINT WARNING * * *
The ufetubus hits you.
* * * LOW HITPOINT WARNING * * *
Unknown command.
You feel very mighty all of a sudden. You block the ufetubus's attack.
The ufetubus hits you.
You die...

≈≈≈~ ..≈....≈≈≈~ ≈≈≈≈
#...#~≈≈≈≈≈
≈≈≈≈≈#...≈ ≈≈≈≈≈
≈≈≈≈≈#...#≈≈≈≈≈≈
≈≈≈≈≈≈...#~≈≈≈≈≈
≈≈≈≈≈#†).#≈≈≈≈≈≈
≈≈≈≈≈#.).≈≈≈≈≈≈≈
≈≈≈≈~≈..5~≈≈≈≈≈≈#≈≈≈#
≈≈≈≈~#..@#~≈≈≈≈≈#≈≈≈#
≈≈≈≈~#...≈≈≈≈≈≈≈#≈≈≈#
≈≈≈≈≈≈...#≈≈≈≈≈≈#≈≈≈#
≈≈≈≈≈#...#≈≈≈≈≈≈#≈~~#
≈≈≈≈~#...# ≈≈≈≈≈ ≈≈≈#
≈≈≈≈ ##)##########≈##
≈≈~~ #..............#
≈≈~≈.≈~~~~≈~~~≈≈~~≈.#
~≈~.~#≈≈≈≈≈≈≈≈≈≈≈≈..#


You could see an ufetubus.

Vanquished Creatures
  An iguana (D:4)
  An orc wizard (D:3)
  Robin (D:3)
  3 adders
  A river rat (D:4)
  3 ufetubi
  2 worms
  2 dart slugs
  6 orcs
  4 bats
  6 endoplasms
  4 giant cockroaches
  15 goblins
  8 hobgoblins
  13 kobolds
  11 ball pythons
  2 frilled lizards
  10 rats
93 creatures vanquished.

Notes
Turn   | Place    | Note
-------+----------+-------------------------------------------
     0 | D:1      | fireball365 the Hill Orc Fighter began the quest for the
                  | Orb.
     0 | D:1      | Reached XP level 1. HP: 19/19 MP: 1/1
   293 | D:1      | Reached XP level 2. HP: 24/27 MP: 2/2
   891 | D:2      | Reached XP level 3. HP: 24/33 MP: 3/3
  1346 | D:2      | Noticed an eye of devastation
  1350 | D:2      | Noticed an eye of devastation
  1352 | D:2      | Found a faded altar of an unknown god.
  1354 | D:2      | Noticed a shining eye
  1355 | D:2      | Noticed a great orb of eyes
  1490 | D:3      | Noticed Robin
  1495 | D:3      | Reached XP level 4. HP: 35/40 MP: 4/4
  1504 | D:3      | Killed Robin
  1505 | D:3      | Reached skill level 1 in Dodging
  1795 | D:3      | Reached XP level 5. HP: 20/46 MP: 5/5
  2560 | D:4      | Found a glowing drain.
  2568 | D:4      | Found a shimmering altar of Xom.
  2575 | Sewer    | Entered a sewer
  2660 | Sewer    | HP: 2/46 [ufetubus (3)]
  2661 | Sewer    | Slain by an ufetubus

Illustrated notes

Levels and vault maps discovered:
D:1:      scummos_arrival_star, layout_loops_cross, amethyst_killhole
D:2:      layout_rooms, hellmonk_ecumenical_altar_watching_god, kennysheep_boxes
D:3:      layout_rooms, uniq_robin
D:4:      layout_basic, xom_butterflies, portal_sewer_entry_b, uniq_sigmund
Sewer:    kennysheep_sewer_church

Skill      XL: |  1  2  3  4  5 |
---------------+----------------+-----
Armour         | 4 |  4.9
Shields        | 4 |  4.4
Axes           | 3 4 |  4.2
Dodging        | 1 |  1.3
Fighting       | 4 |  4.2

Action                     |  1- 3 |  4- 6 || total
---------------------------+-------+-------++-------
  Melee: War axe           |   101 |   161 ||   262
    Use: Scroll            |       |     2 ||     2
         Potion            |       |     1 ||     1
 Armour: Scale mail        |    55 |   121 ||   176
  Dodge: Dodged            |    73 |   123 ||   196
  Block: Buckler           |    36 |    86 ||   122
